 Dungeon Crawl Stone Soup version 0.18-a0-1572-g0a86841 (webtiles) character file.

10023 HandofTrog the Blocker (level 11, -1/87 HPs)
             Began as a Demonspawn Gladiator on Mar 14, 2016.
             Was a Priest of Okawaru.
             Splashed by a jelly's acid (6 damage)
             ... on level 8 of the Dungeon on Mar 15, 2016.
             The game lasted 00:54:44 (10410 turns).

HandofTrog the Blocker (Demonspawn Gladiator)      Turns: 10410, Time: 00:54:45

Health: -1/87      AC:  4    Str: 18    XL:     11   Next: 30%
Magic:  0/23       EV: 16    Int: 10    God:    Okawaru [***...]
Gold:   561        SH:  0    Dex: 14    Spells: 2 memorised, 17 levels left

rFire  . . .     SeeInvis +     a - +1 quarterstaff
rCold  + . .     Gourm    .     E - +3 leather armour {rC+}
rNeg   . . .     Faith    .     (shield currently unavailable)
rPois  .         Spirit   +     (helmet unavailable)
rElec  .         Dismiss  .     (no cloak)
rCorr  .         Reflect  .     (no gloves)
SustAt .         Harm     .     (no boots)
MR     .....                    (no amulet)
Stlth  +.........               d - ring of wizardry
                                r - +2 ring of evasion

@: corroded equipment, not resistant to hostile enchantments, very unstealthy
A: antennae 3, thin metallic scales 1, magic shield, magic regeneration
a: Heroism, Renounce Religion


You were on level 8 of the Dungeon.
You worshipped Okawaru.
Okawaru was most pleased with you.
You were not hungry.

You visited 1 branch of the dungeon, and saw 10 of its levels.

You collected 561 gold pieces.

Inventory:

Hand Weapons
 a - a +1 quarterstaff (weapon)
 v - a +0 scythe
 H - the +9 short sword of Obsession {venom, MR++}
   (You found it on level 6 of the Dungeon)

   It poisons the flesh of those it strikes.
   It affects your resistance to hostile enchantments.
 J - a +2 whip of freezing
 K - a +1 spear
 M - a +0 blowgun
 N - a +0 flail
Missiles
 C - 6 tomahawks (quivered)
 L - 2 javelins of returning
Armour
 b - a +0 leather armour
 c - a +1 helmet
 i - a +0 shield
 l - a +0 buckler
 m - a +2 chain mail of cold resistance
 o - a +0 scale mail
 x - a +0 pair of gloves
 z - the +2 robe of Existentialism {rF+++ Str+4}
   (You found it on level 4 of the Dungeon)

   It affects your strength (+4).
   It renders you almost immune to fire.
 E - a +3 leather armour of cold resistance (worn)
 O - a +0 robe of resistance
 R - a cursed +0 robe
 X - a +1 cloak of magic resistance
Jewellery
 d - a ring of wizardry (right hand)
 n - an uncursed ring of teleportation
 r - a +2 ring of evasion (left hand)
 s - a +3 amulet of reflection {unknown}
 A - a cursed ring of loudness
 T - an uncursed ring of magical power
Wands
 G - a wand of lightning (12/15)
 I - a wand of confusion (24/48)
 V - a wand of lightning (3/15)
 Y - a wand of lightning (0/15)
Scrolls
 e - 3 scrolls of immolation
 h - a scroll of enchant armour
 u - 5 scrolls of enchant weapon
 w - a scroll of random uselessness
 y - 2 scrolls of magic mapping
 D - 2 scrolls of remove curse
 Q - 2 scrolls of fog
 S - 2 scrolls of identify
 W - a scroll of amnesia
Potions
 j - 3 potions of flight
 k - 2 potions of cure mutation
 q - 4 potions of brilliance
Books
 F - a book of the Earth

   Spells                             Type                      Level
   a - Leda's Liquefaction            Hexes/Earth                  4
   b - Bolt of Magma                  Conjuration/Fire/Earth       5
   c - Statue Form                    Transmutation/Earth          6
   d - Iron Shot                      Conjuration/Earth            6
   e - Shatter                        Earth                        9
 P - a book of Fire

   Spells                             Type                      Level
   a - Ignite Poison                  Fire/Transmutation/Poison    3
   b - Fireball                       Conjuration/Fire             5
   c - Bolt of Fire                   Conjuration/Fire             6
   d - Delayed Fireball               Conjuration/Fire             7
   e - Ring of Flames                 Charms/Fire                  7
Comestibles
 f - 5 bread rations
 g - 9 slices of pizza
 p - 4 beef jerkies
 t - 3 meat rations
 U - 2 fruits


   Skills:
 - Level 8.9 Fighting
 + Level 3.8 Short Blades
 - Level 3.1 Staves
 - Level 4.0 Throwing
 - Level 4.2 Armour
 - Level 5.0 Dodging
 - Level 10.5 Shields
 - Level 8.0 Spellcasting
 - Level 3.6 Invocations


You had 17 spell levels left.
You knew the following spells:

 Your Spells              Type           Power        Failure   Level  Hunger
a - Statue Form           Trmt/Erth      #........    100%        6    #######
b - Ignite Poison         Fire/Trmt/Pois #.......     32%         3    ###....


Dungeon Overview and Level Annotations

Branches:
Dungeon (10/15)            Temple (0/1) D:6             Orc (0/2) D:9
   Lair: D:8-11

Altars:
Ashenzari
Cheibriados
Dithmenos
Gozag
Kikubaaqudgha
Makhleb
Nemelex Xobeh
Okawaru
Qazlal
Ru
Sif Muna
Trog
Xom
Yredelemnul
The Shining One

Shops:
D:9 =(


Innate Abilities, Weirdness & Mutations

You have a pair of large antennae on your head (SInv).
You are partially covered in thin metallic scales (AC +2).
When hurt, damage is shared between your health and your magic reserves.
You regenerate magic rapidly.


Message History

The acid burns!
The giant frog completely misses you. The komodo dragon barely misses you.
The jelly closely misses you.
You barely miss the komodo dragon.
The komodo dragon is moderately wounded.
The giant frog hits you but does no damage.
The komodo dragon bites you!!
* * * LOW HITPOINT WARNING * * *
The giant frog closely misses you. The jelly completely misses you.
The komodo dragon bites you but does no damage.
Drink which item? (? for menu, Esc to quit)
Okay, then.
Read which item? (? for menu, Esc to quit)
As you read the scroll of immolation, it crumbles to dust.
The creatures around you are filled with an inner flame!
The giant frog hits you.
* * * LOW HITPOINT WARNING * * *
The jelly hits you.
* * * LOW HITPOINT WARNING * * *
You are splashed with acid!
The acid burns!
You die...

##.########
.......@..#
......lJF.#
..........#
.....<.a..#
..........#
..........#
.%........#
...........


You could see a komodo dragon (inner flame), a giant frog (inner flame), a jelly
(inner flame) and a worker ant (inner flame).

Vanquished Creatures
  Pikel (D:7)
  Maurice (D:9)
  Sigmund (D:3)
  Eustachio (D:6)
  A hog (D:7)
  A human (D:7)
  A hungry ghost (D:9)
  Grum (D:9)
  Menkaure (D:6)
  Duvessa (D:7)
  3 orc warriors
  3 ice beasts
  A black bear (D:6)
  A sky beast (D:10)
  2 phantoms
  7 ogres
  2 necrophages (D:9)
  4 wolves (D:9)
  5 centaurs
  A wyvern zombie (D:8)
  Dowan (D:7)
  2 howler monkeys (D:7)
  A centaur zombie (D:7)
  4 crimson imps
  3 orc priests
  3 centaur skeletons
  A giant frog skeleton (D:9)
  3 orc wizards
  Terence (D:2)
  An iguana (D:7)
  6 worker ants
  A killer bee zombie (D:7)
  3 sheep (D:7)
  14 adders
  4 gnolls
  2 shadow imps (D:5)
  3 worms
  3 giant geckos
  18 orcs
  7 bats
  5 giant cockroaches
  2 hobgoblins
  2 jackals (D:7)
  16 kobolds
  2 quokkas
  2 ball pythons (D:5)
  A giant gecko zombie (D:9)
  7 giant newts
  10 goblins
  A quokka skeleton (D:7)
  7 rats
175 creatures vanquished.

Vanquished Creatures (others)
  3 howler monkeys (D:7)
  2 plants (D:8)
5 creatures vanquished.

Grand Total: 180 creatures vanquished

Notes
Turn   | Place    | Note
--------------------------------------------------------------
     0 | D:1      | HandofTrog the Demonspawn Gladiator began the quest for the Orb.
     0 | D:1      | Reached XP level 1. HP: 16/16 MP: 1/1
   219 | D:1      | Gained mutation: When hurt, damage is shared between your health and your magic reserves. [demonic ancestry]
   219 | D:1      | Reached XP level 2. HP: 22/22 MP: 2/2
   923 | D:2      | Noticed Terence
   939 | D:2      | Killed Terence
   939 | D:2      | Reached skill level 1 in Armour
   939 | D:2      | Reached XP level 3. HP: 9/27 MP: 3/3
  1316 | D:2      | Reached XP level 4. HP: 30/34 MP: 2/4
  1726 | D:2      | Found an iron altar of Okawaru.
  1734 | D:2      | Became a worshipper of Warmaster Okawaru
  2147 | D:3      | Noticed Sigmund
  2170 | D:3      | Killed Sigmund
  2170 | D:3      | Reached * piety under Okawaru
  2170 | D:3      | Reached skill level 5 in Fighting
  2170 | D:3      | Gained mutation: You regenerate magic rapidly. [demonic ancestry]
  2170 | D:3      | Reached XP level 5. HP: 28/44 MP: 3/5
  2170 | D:3      | Gained mutation: You are partially covered in thin metallic scales (AC +2). [demonic ancestry]
  2170 | D:3      | Reached XP level 6. HP: 32/51 MP: 3/6
  2557 | D:4      | Found a bloodstained altar of Trog.
  2557 | D:4      | Found a snail-covered altar of Cheibriados.
  2570 | D:4      | Found an opulent altar of Gozag.
  2916 | D:4      | Got a dull robe
  2917 | D:4      | Identified the +2 robe of Existentialism {rF+++ Str+4} (You found it on level 4 of the Dungeon)
  3122 | D:5      | Entered Level 5 of the Dungeon
  3566 | D:5      | Reached ** piety under Okawaru
  3566 | D:5      | Gained mutation: You have a pair of small antennae on your head. [demonic ancestry]
  3566 | D:5      | Reached XP level 7. HP: 50/60 MP: 5/7
  4229 | D:5      | Upgraded the game from 0.18-a0-1570-gf60b0ab to 0.18-a0-1572-g0a86841
  4446 | D:5      | Reached skill level 1 in Invocations
  4904 | D:6      | Found a staircase to the Ecumenical Temple.
  4912 | D:6      | Found an ancient bone altar of Kikubaaqudgha.
  4951 | D:6      | Found a bloodstained altar of Trog.
  4957 | D:6      | Gained mutation: You have a pair of antennae on your head. [demonic ancestry]
  4957 | D:6      | Reached XP level 8. HP: 40/68 MP: 5/9
  5202 | D:6      | Found a shimmering altar of Xom.
  5215 | D:6      | Learned a level 6 spell: Statue Form
  5231 | D:6      | Noticed Menkaure
  5247 | D:6      | Killed Menkaure
  5522 | D:6      | Noticed Eustachio
  5542 | D:6      | Killed Eustachio
  5720 | D:6      | Reached skill level 10 in Shields
  5720 | D:6      | Gained mutation: You have a pair of large antennae on your head (SInv). [demonic ancestry]
  5720 | D:6      | Reached XP level 9. HP: 75/75 MP: 11/11
  5721 | D:6      | Reached XP level 10. HP: 82/82 MP: 11/22
  5819 | D:6      | Found a sacrificial altar of Ru.
  5822 | D:6      | Found a stormy altar of Qazlal.
  5822 | D:6      | Found a sparkling altar of Nemelex Xobeh.
  5822 | D:6      | Found a deep blue altar of Sif Muna.
  5959 | D:6      | Found a burning altar of Makhleb.
  5959 | D:6      | Found a shattered altar of Ashenzari.
  6027 | D:6      | Got a crude short sword
  6034 | D:6      | Identified the +9 short sword of Obsession {venom, MR++} (You found it on level 6 of the Dungeon)
  6115 | D:7      | Noticed Dowan
  6119 | D:7      | Noticed Duvessa
  6141 | D:7      | Killed Duvessa
  6149 | D:7      | Killed Dowan
  6293 | D:7      | Found a shimmering altar of Xom.
  6359 | D:7      | Reached *** piety under Okawaru
  6571 | D:7      | Found a basalt altar of Yredelemnul.
  6580 | D:7      | Found a glowing golden altar of the Shining One.
  6582 | D:7      | Noticed an angel
  6827 | D:7      | Noticed Pikel
  6848 | D:7      | Killed Pikel
  7533 | D:7      | Reached XP level 11. HP: 87/87 MP: 23/23
  8675 | D:9      | Noticed Maurice
  8678 | D:9      | Reached skill level 5 in Dodging
  8821 | D:10     | Entered Level 10 of the Dungeon
  9060 | D:10     | Learned a level 3 spell: Ignite Poison
  9127 | D:9      | Noticed Grum
  9134 | D:9      | Reached skill level 1 in Short Blades
  9153 | D:9      | Killed Grum
  9771 | D:9      | Found a shadowy altar of Dithmenos.
  9901 | D:9      | Found Nufurhur's Jewellery Shoppe.
  9909 | D:9      | Found a staircase to the Orcish Mines.
  9961 | D:9      | Found Korphofec's Weapon Emporium.
  9981 | D:9      | HP: 4/87 [Maurice/arrow (5)]
 10024 | D:9      | Killed Maurice
 10410 | D:8      | Splashed by a jelly's acid

Vault maps used:
D:1:      dpeg_arrival_shrine
D:2:      okawaru_altar_gauntlet_db, uniq_terence
D:3:      uniq_sigmund
D:4:      grunt_gozag_statues, gammafunk_temple_overflow_elements
D:5:      first_bread
D:6:      lemuel_doored_altar, nicolae_overflow_crystal_walls,
          minmay_overflow_temple_hex, minmay_temple_entry_glassed_door,
          basic_altar, uniq_menkaure, uniq_eustachio
D:7:      grunt_temple_overflow_holy_war, basic_altar, grunt_livestock,
          uniq_duvessa, uniq_pikel
D:8:      david_lair_shrubbed
D:9:      grunt_dithmenos_smoke, orc_david_3, serial_shops, shop,
          eino_house_with_fridge, uniq_maurice, uniq_grum
D:10:     enter_trove_1, special_room, hangedman_minor_magic

Skill      XL: |  1  2  3  4  5  6  7  8  9 10 11 |
---------------+----------------------------------+-----
Staves         | 3 |  3.1
Dodging        | 3 4 5 |  5.0
Throwing       | 2 3 4 |  4.0
Armour         | 1 2 4 |  4.2
Fighting       | 5 7 8 |  8.9
Invocations    | 2 3 |  3.6
Shields        | 10 | 10.5
Spellcasting   | 8 |  8.0
Short Blades   | 3 |  3.8

Action                   |  1- 3 |  4- 6 |  7- 9 | 10-12 || total
-------------------------+-------+-------+-------+-------++-------
Melee: Quarterstaff      |    69 |   197 |   118 |   524 ||   908
Throw: Throwing net      |     3 |     2 |     2 |       ||     7
       Tomahawk          |       |       |       |     1 ||     1
Invok: Heroism           |       |       |     1 |     9 ||    10
  Use: Scroll            |       |    10 |     4 |    12 ||    26
       Potion            |       |     2 |     3 |     5 ||    10
 Stab: Sleeping          |     1 |       |       |       ||     1
       Held in net/web   |       |       |     2 |       ||     2
  Eat: Chunk             |     1 |     3 |     7 |     3 ||    14
       Bread ration      |       |     1 |       |     3 ||     4
       Meat ration       |       |       |       |     2 ||     2
       Royal jelly       |       |       |       |     1 ||     1
       Pizza             |       |       |       |     1 ||     1
